 Dungeon Crawl Stone Soup version 0.27-a0-148-g9515ab555c (webtiles) character file.

Game seed: 596590549177320121

8 knot the Chopper (level 2, 24/24 HPs)
             Began as a Demonspawn Berserker on Jan 26, 2021.
             Was a Follower of Trog.
             Quit the game on level 1 of the Dungeon.
             The game lasted 00:00:21 (305 turns).

knot the Chopper (Demonspawn Berserker)              Turns: 305, Time: 00:00:21

Health: 24/24      AC:  4    Str: 17    XL:     2   Next: 0%
Magic:  2/2        EV: 12    Int:  8    God:    Trog [*.....]
Gold:   38         SH:  0    Dex: 12    Spells: 1/1 levels left

rFire    . . .     SeeInvis .   a - +0 hand axe
rCold    . . .     Faith    .   (no shield)
rNeg     . . .     Spirit   .   b - +0 animal skin
rPois    +         Reflect  .   (no helmet)
rElec    .         Harm     .   (no cloak)
rCorr    .         Rampage  .   (no gloves)
Will     .....                  (no boots)
Stlth    +.........             (no amulet)
HPRegen  0.08/turn              c - ring of poison resistance
MPRegen  0.08/turn              (no ring)

@: no status effects
A: thin metallic scales 1
a: Renounce Religion, Berserk


You were on level 1 of the Dungeon.
You worshipped Trog.
Trog was aware of your devotion.
You visited 1 branch of the dungeon, and saw 1 of its levels.

You collected 38 gold pieces.

Inventory:

Hand Weapons
 a - a +0 hand axe (weapon)
Missiles
 d - 33 stones
Armour
 b - a +0 animal skin (worn)
Jewellery
 c - a ring of poison resistance (left hand)
Scrolls
 e - a scroll of noise {unknown}
 f - a scroll of magic mapping {unknown}
Potions
 g - a potion of curing {unknown}


   Skills:
 - Level 3.0 Fighting
 + Level 3.2 Axes
 - Level 1.7 Armour
 - Level 1.7 Dodging


You had one spell level left.
You didn't know any spells.
Your spell library was empty.

Dungeon Overview and Level Annotations

Branches:
Dungeon (1/15)

Altars:


Innate Abilities, Weirdness & Mutations

You are partially covered in thin metallic scales. (AC +2)


Message History

You see here a robe.
You now have 19 gold pieces (gained 10).
d - 33 stones (gained 6)
g - an emerald potion You now have 26 gold pieces (gained 7).
You now have 38 gold pieces (gained 12).
Found a short sword.
A kobold comes into view.
Found 25 bolts.
A kobold is nearby!
The kobold shouts!
A kobold comes into view.
A kobold comes into view. It is wielding a +0 dagger.
You hit the kobold.
You kill the kobold!
Trog accepts your kill.
You have reached level 2!
Your demonic ancestry asserts itself...
Thin metallic scales grow over part of your body.
Are you sure you want to abandon this character and quit the game? (Confirm with "yes".)

.. ###.# .... ..( .. #.#
#K## #.# #.†# #####.#
#@## #.....#########..# .
#.#..........###.## ...
#.#..........###..#.....
##.#.........)...........
........##.......#.......
##.####.##.......#.......
...# #.##.......##.#..###
#..# #.##.......##....#
#.######


You could see a kobold.

Vanquished Creatures
  A bat (D:1)
  A giant cockroach (D:1)
  2 goblins (D:1)
  2 frilled lizards (D:1)
  2 kobolds (D:1)
8 creatures vanquished.

Notes
Turn   | Place    | Note
-------+----------+-------------------------------------------
     0 | D:1      | knot the Demonspawn Berserker began the quest for the Orb.
     0 | D:1      | Reached XP level 1. HP: 18/18 MP: 1/1
   305 | D:1      | Gained mutation: You are partially covered in thin metallic
                  | scales. (AC +2) [demonic ancestry]
   305 | D:1      | Reached XP level 2. HP: 24/24 MP: 2/2
   305 | D:1      | Quit the game

Illustrated notes

Levels and vault maps discovered:
D:1:      shiori_arrival_oz, layout_basic, minmay_pentomino_q4

Skill      XL: |  1 |
---------------+----+-----
Axes           | 3 |  3.2
Fighting       | |  3.0
Armour         | |  1.7
Dodging        | |  1.7

Action                   || total
-------------------------++-------
Melee: Hand axe          ||    23
Armor: Animal skin       ||     8
Dodge: Dodged            ||    14

Table legend: (Time is in decaauts)
 A = Elapsed time spent in this place.
 B = Non-inter-level travel time spent in this place.
 C = Inter-level travel time spent in this place.
 D = Time resting spent in this place.
 E = Time spent auto-exploring this place.
 F = Levels seen in this place.
 G = Mean time per level.
                   A        B        C        D        E       F      G
               +--------+--------+--------+--------+--------+-----+--------+
         Total |    307 |    307 |      0 |      0 |    245 |   1 |  307.0 |
       Dungeon |    307 |    307 |      0 |      0 |    245 |   1 |  307.0 |
               +--------+--------+--------+--------+--------+-----+--------+

Top non-repeatable levels by time:
     D:1: 307 daAuts
